woodfighter, lawful female dwarven Priestess ----- #.....######------- #|...| #......| #|{..-# |(....| #-----# -.....| ---------------- ## # ------- |.r.......${...| # # |..............| # # ....r.r......qf| # # |....l.r.....q@.### # ### ---------------- # -----# #---------- ##-...|# #|........| |...|# #|.<.*....| |....# #.........| |...| ---------- ----- woodfighter the Acolyte Experience level: 4 Strength: 12 Dexterity: 13 Constitution: 13 Intelligence: 17 Wisdom: 11 Charisma: 10 Health: 0(37) Energy: 23(23) Def: 3 Gold: 392 Moves: 2167 Dungeon seed: y6pesfON_t9FKXfv Game ID: woodfighter_1552818274 Your Inventory: Coins $ - 392 gold pieces Amulets k - a cursed amulet of restful sleep Weapons a - a blessed +1 mace (weapon in hand) Armor e - a +0 robe (being worn) n - a +0 small shield (being worn) Comestibles c - a clove of garlic d - a sprig of wolfsbane u - a eucalyptus leaf B - 2 mint-flavored milkshakes Scrolls w - a scroll of stinking cloud E - a scroll of scare monster Spellbooks g - a spellbook of light h - a spellbook of detect monsters i - a spellbook of remove curse Potions b - 4 potions of holy water l - a blessed potion of oil t - a potion of sleeping x - a potion of sickness z - a potion of healing A - a blessed potion of see invisible C - a potion of monster detection D - a potion of oil Wands f - a wand of cancellation (0:1) m - a wand of create monster (0:11) o - a wand of enlightenment (0:11) Tools y - a lock pick Gems q - a worthless piece of blue glass r - 2 worthless pieces of yellowish brown glass v - a worthless piece of black glass N - a worthless piece of white glass Spells and supernatural/magical abilities: Name Level Category Fail Memory l - light 1 divination 0% 90% n - detect monsters 1 divination 0% 90% r - remove curse 3 clerical 0% 90% W - pray for help -- divine ? -- X - turn undead -- divine ? -- Your skills at the end: Miscellaneous Skills shield [Basic] wands [Basic] Weapon Skills pick-axe [Basic] mace [Basic] Spellcasting Skills clerical spells [Basic] Final Attributes: You were fervently aligned. You had infravision. You were stealthy. You are dead. Vanquished creatures: a pony a puppy a homunculus an iguana a dwarf zombie a gas spore a large kobold a gecko a hobgoblin 6 giant rats 2 manes 6 jackals a kobold 5 newts 3 goblins 2 sewer rats 2 grid bugs 2 lichens a kobold zombie 39 creatures vanquished. Voluntary challenges: You did not adorn yourself with jewelry or accessories. You did not cause conflict. You were not invisible. You did not have reflection. You were not displaced. You were an atheist. You used a wielded weapon 46 times, starting on turn 5. You did not apply a unicorn horn. You did not use plumbed fixtures. You did not drink any magical draughts. You were illiterate. You never genocided any monsters. You never polymorphed an object. You never changed form. You used no wishes. You never split a pudding. You never wrote Elbereth's name. You never violated your personal moral code. Dungeon overview: The Dungeons of Doom: levels 1 to 5 Level 1 a fountain a long staircase Level 2 a sink Level 3 (vault) a fountain stairs to The Gnomish Mines Level 4 (eye) Level 5 <- You were here some fountains The Gnomish Mines: Level 4 stairs to The Dungeons of Doom History has recorded: On T:1 you entered the Dungeons of Doom to retrieve the Amulet of Yendor! On T:39 you reached level 2 of The Dungeons of Doom. On T:737 you advanced to experience level 2. On T:863 you reached level 3 of The Dungeons of Doom. On T:996 you reached level 1 of The Gnomish Mines. On T:1121 you advanced to experience level 3. On T:1306 you reached level 4 of The Dungeons of Doom. On T:1553 you reached level 5 of The Dungeons of Doom. On T:1825 you advanced to experience level 4. Score breakdown: Gold: 392 ( 39 points) Experience: 4 levels ( 300 points) Exploration: 5 levels ( 120 points) Discoveries: 15 items ( 750 points) Variety of kills: 19 monsters ( 950 points) Major goal: (nothing yet) ( 0 points) Survival: died (score multiplied by 3) Total score: 6477 Latest messages: You displace kitty. Kitty picks up a tin whistle. Kitty drops a tin whistle. Kitty picks up a tin whistle. You stop exploring. $ - 35 gold pieces. You hit the puppy! Kitty misses the puppy. You displace kitty. The door resists! The door opens. You stop exploring. The rothe claws you! The rothe bites! (2x) The rothe claws you! The rothe bites! (2x) You hit the rothe. (2x) The rothe claws you! The rothe bites! The rothe misses. The rothe claws you! The rothe bites! (2x) You hit the rothe. The rothe claws you! The rothe bites! (2x) The rothe claws you! You die... Final status: Goodbye woodfighter the Priestess, killed by a rothe... You died in The Dungeons of Doom on dungeon level 5 with 6477 points, and 392 pieces of gold, after 2167 moves. You were level 4 with a maximum of 37 hit points when you died.